Map: Catalyst LE

Players

Cellsidus

  • Race: Zerg Zerg
  • League: Master
  • Spawn Location: 11:00

Kosmotaur - Winner!

  • Race: Terran Terran
  • League: Diamond
  • Spawn Location: 5:00

VOD

Have the link to the VOD?

Description

Time

  • Played on: April 27, 2018, 9:43 a.m.
  • Length: 22:39
Show
View Real Time Build Order
Export as new Build Order

Cellsidus Zerg 

Build Orders: Hatch First 

Get SALT Encoding   

  12  0:02  Drone  
  13  0:13  Overlord  
  13  0:17  Drone  
  14  0:31  Drone x2  
  16  0:38  Drone  
  17  0:54  Hatchery  
  17  0:56  Drone  
  17  1:00  Drone  
  18  1:11  Extractor  
  17  1:15  Spawning Pool  
  16  1:19  Drone  
  16  1:21  Drone  
  18  1:29  Drone  
  19  1:39  Overlord  
  19  1:50  Drone  
  20  2:03  Zergling x2  
  20  2:06  Queen  
  20  2:07  Zergling x2, Queen  
  26  2:11  Metabolic Boost  
  26  2:14  Drone  
  27  2:21  Drone  
  28  2:23  Drone  
  28  2:28  Drone  
  30  2:40  Hatchery  
  30  2:41  Drone  
  30  2:43  Drone  
  31  2:47  Overlord  
  31  2:52  Overlord  
  31  3:01  Drone x2  
  33  3:05  Overlord  
  33  3:16  Drone  
  33  3:17  Drone x6  
  40  3:21  Zergling x2  
  40  3:25  Zergling x2  
  42  3:32  Zergling x2  
  43  3:41  Drone  
  43  3:42  Drone  
  45  3:53  Drone x4  
  45  3:54  Drone x3  
  52  4:03  Drone x2  
  52  4:05  Queen  
  56  4:11  Drone x2  
  56  4:12  Lair  
  58  4:17  Hatchery  
  58  4:22  Drone  
  58  4:24  Overlord x3  
  58  4:44  Drone  
  58  4:45  Drone x2  
  61  4:46  Extractor  
  61  4:47  Extractor, Drone  
  61  4:48  Drone x5  
  61  4:50  Drone x2  
  61  4:51  Drone  
  68  4:55  Zergling x6  
  68  4:58  Queen  
  73  5:02  Drone  
  73  5:04  Overlord x2, Evolution Chamber  
  73  5:07  Evolution Chamber, Queen  
  73  5:09  Overlord  
  73  5:10  Overlord  
  74  5:23  Drone x3  
  74  5:24  Hydralisk Den  
  74  5:27  Zergling x6  
  74  5:28  Zergling x4  
  81  5:30  Queen  
  81  5:33  Drone  
  81  5:34  Extractor, Drone x3  
  86  5:36  Queen  
  88  5:44  Extractor, Drone  
  88  5:45  Drone x2  
  88  5:47  Queen  
  92  5:56  Queen  
  95  5:57  Drone x3  
  95  5:58  Drone x4  
  95  5:59  Zerg Missile Weapons Level 1  
  95  6:00  Zerg Ground Armor Level 1  
  95  6:01  Overlord x2, Grooved Spines  
  101  6:04  Hydralisk  
  103  6:12  Queen  
  105  6:20  Drone x6  
  105  6:21  Drone  
  105  6:22  Hydralisk x5  
  122  6:27  Baneling Nest  
  121  6:38  Hydralisk x3, Zergling x2  
  128  6:41  Overlord x5  
  128  6:59  Queen  
  128  7:00  Hydralisk x7  
  144  7:02  Zergling x8  
  144  7:06  Hydralisk  
  144  7:07  Hydralisk  
  152  7:15  Muscular Augments  
  152  7:19  Drone  
  152  7:20  Drone x4  
  152  7:21  Extractor  
  156  7:24  Drone  
  156  7:25  Hydralisk, Extractor, Drone x3  
  156  7:26  Hydralisk x2, Zergling x6  
  168  7:32  Overlord  
  168  7:33  Overlord x2  
  168  7:37  Overlord x2  
  168  7:43  Hatchery  
  167  7:50  Hydralisk x3  
  167  7:51  Hydralisk x2  
  173  7:52  Zergling x2  
  173  7:53  Zergling x10  
  173  7:54  Zerg Melee Weapons Level 1  
  183  8:00  Drone  
  183  8:03  Zerg Ground Armor Level 2  
  184  8:05  Zergling x4  
  184  8:06  Zergling x8  
  190  8:23  Hydralisk  
  190  8:24  Hydralisk x2, Zergling x8  
  200  8:31  Centrifical Hooks  
  200  8:32  Hatchery  
  199  8:39  Zergling x2  
  200  8:48  Baneling x8  
  200  8:49  Baneling x14  
  200  9:05  Overlord  
  200  9:12  Baneling  
  200  9:13  Baneling x11  
  200  9:14  Baneling x7  
  198  9:23  Zergling x4  
  198  9:24  Zergling x2  
  197  9:41  Drone x3  
  197  9:43  Hatchery  
  199  9:54  Extractor  
  199  9:55  Extractor  
  186  10:07  Hydralisk  
  186  10:08  Hydralisk x3, Zergling x8  
  186  10:09  Zergling x2  
  188  10:26  Hydralisk x3  
  188  10:27  Zergling x10, Hydralisk x4  
  188  10:28  Zergling x4  
  188  10:35  Zergling x2  
  178  10:38  Zerg Missile Weapons Level 2, Zerg Melee Weapons Level 2  
  176  10:44  Infestation Pit  
  175  10:54  Drone x5  
  175  10:55  Drone x6  
  186  11:03  Drone x2  
  186  11:04  Drone x7  
  191  11:05  Hydralisk  
  191  11:06  Zergling x2  
  198  11:20  Hive  
  198  11:21  Spire  
  188  11:29  Hydralisk x3, Zergling x2  
  188  11:30  Hydralisk x5, Zergling x12  
  188  11:31  Zergling x6  
  168  11:42  Hydralisk x4, Zergling x2  
  168  11:43  Zergling x8, Hydralisk  
  171  11:50  Drone  
  171  11:53  Drone x2  
  171  11:54  Drone x2  
  169  11:55  Drone x5  
  169  12:00  Hydralisk x4, Zergling x2  
  162  12:08  Drone  
  162  12:09  Drone x2  
  162  12:12  Drone x4  
  162  12:13  Drone  
  170  12:18  Queen  
  170  12:22  Drone x5  
  177  12:23  Drone x4  
  177  12:24  Drone x2  
  183  12:35  Hydralisk x3  
  183  12:36  Hydralisk x2, Zergling x6  
  196  12:39  Greater Spire  
  196  12:43  Hydralisk x2, Zergling x4  
  193  12:53  Zergling x2  
  193  12:54  Zergling x16  
  193  12:55  Zergling x2  
  193  12:58  Zerg Melee Weapons Level 3, Zerg Missile Weapons Level 3  
  188  13:01  Adrenal Glands  
  188  13:04  Zergling x6  
  188  13:05  Zergling x6  
  186  13:15  Drone x2  
  152  13:29  Hydralisk x3, Zergling x2  
  152  13:30  Hydralisk x5, Zergling x12  
  152  13:31  Zergling x4  
  118  13:42  Corruptor x7  
  118  13:43  Corruptor  
  134  14:10  Viper x3  
  143  14:22  Zergling x4, Hatchery  
  143  14:23  Zergling x16  
  143  14:24  Zergling x14  
  155  14:25  Zergling x6  
  155  14:28  Brood Lord  
  155  14:29  Brood Lord  
  155  14:30  Overlord  
  166  14:36  Drone x2  
  166  14:38  Extractor, Drone x2  
  169  14:39  Drone x3  
  169  14:45  Brood Lord x3  
  177  14:46  Zergling x2  
  177  14:47  Zergling x16  
  177  14:50  Brood Lord  
  184  14:59  Brood Lord  
  169  15:04  Brood Lord  
  149  15:09  Zergling x16  
  149  15:10  Zergling x12  
  160  15:22  Hydralisk x4  
  168  15:30  Hydralisk x4  
  168  15:32  Zergling x6  
  168  15:35  Zerg Ground Armor Level 3  
  179  15:44  Hydralisk x6  
  179  15:46  Zergling x2  
  179  15:47  Zergling x4  
  179  15:48  Zergling x2  
  195  15:51  Hydralisk  
  195  15:53  Hydralisk  
  195  15:54  Zergling x2  
  200  16:11  Baneling  
  200  16:12  Baneling x18  
  200  16:13  Baneling x12  
  200  16:22  Zerg Flyer Armor Level 1  
  175  16:45  Hydralisk x7  
  175  16:46  Hydralisk x4  
  184  17:02  Hydralisk x7  
  184  17:04  Zergling x2  
  199  17:14  Extractor  
  198  17:16  Zergling x2  
  191  17:44  Hydralisk  
  191  17:45  Hydralisk, Zergling x8  
  186  17:57  Hydralisk x5, Zergling x2  
  186  17:58  Zergling x14, Hydralisk x3  
  191  17:59  Zergling x2  
  184  18:13  Drone x4  
  184  18:14  Drone x7  
  184  18:15  Drone  
  195  18:21  Hydralisk  
  195  18:22  Zergling x4  
  195  18:23  Zergling x2  
  195  18:25  Zergling x4  
  179  19:02  Hydralisk x6, Zergling x6  
  179  19:03  Zergling x10  
  190  19:11  Hydralisk  
  190  19:12  Zergling x6  
  151  19:41  Hydralisk x5, Zergling x6  
  151  19:42  Zergling x8  
  151  19:43  Zergling x2  
  158  19:50  Hydralisk  
  158  19:51  Zergling x6  
  126  20:02  Hydralisk x2, Zergling x4  
  107  20:23  Hydralisk x3, Zergling x8  
  107  20:24  Zergling x4  
  97  20:39  Hydralisk x2  
  97  20:40  Zergling x4, Hydralisk  
  89  20:55  Extractor  
  88  21:00  Hydralisk  
  90  21:11  Hatchery  
  89  21:29  Hydralisk x4  
  89  21:30  Hydralisk x4  
  89  21:31  Hydralisk  
  87  21:47  Hydralisk x6  
  87  21:51  Hydralisk  
  87  21:53  Zergling x4  
  97  21:59  Hydralisk x2  
  97  22:00  Hydralisk x2, Zergling x4  
  107  22:06  Hydralisk  
  107  22:07  Zergling x6  
Show
View Real Time Build Order
Export as new Build Order

Kosmotaur Terran - Winner!

Build Orders: Hellion Opening, Reaper Expand, Mech 

Get SALT Encoding   

  12  0:00  SCV  
  13  0:12  SCV  
  14  0:17  Supply Depot  
  14  0:25  SCV  
  14  0:28  Refinery  
  15  0:39  SCV  
  16  0:46  Barracks  
  16  0:51  SCV  
  17  1:03  SCV  
  18  1:15  SCV  
  19  1:32  Orbital Command  
  19  1:34  Reaper  
  20  1:46  Command Center  
  20  1:57  Factory  
  20  2:00  SCV  
  21  2:06  Barracks Reactor  
  21  2:12  Refinery  
  21  2:13  SCV  
  22  2:23  Supply Depot  
  22  2:32  SCV  
  22  2:43  Starport  
  22  2:44  SCV  
  23  2:54  Hellion x2  
  23  2:57  SCV  
  28  3:03  Orbital Command  
  28  3:15  Hellion  
  28  3:16  Hellion  
  28  3:18  SCV  
  33  3:24  Viking  
  35  3:30  SCV  
  35  3:31  SCV  
  37  3:40  Hellion x2  
  40  3:47  SCV  
  40  3:48  SCV  
  42  3:59  SCV  
  42  4:00  SCV  
  44  4:11  SCV  
  44  4:12  SCV  
  46  4:17  Command Center  
  46  4:37  Command Center  
  46  4:38  Factory x2  
  46  4:40  Refinery x2  
  46  4:51  Supply Depot  
  46  5:14  SCV x2  
  48  5:23  Armory x2  
  48  5:26  Factory Tech Lab x2  
  48  5:32  Factory  
  48  5:34  Factory  
  48  5:37  SCV x2  
  48  5:40  Engineering Bay  
  50  5:45  Infernal Pre-Igniter  
  50  5:47  Siege Tank  
  53  5:52  SCV x2  
  55  6:12  Factory Tech Lab  
  55  6:13  Medivac  
  55  6:14  Medivac  
  55  6:16  SCV x2  
  55  6:17  Orbital Command  
  61  6:18  Planetary Fortress  
  61  6:28  SCV x2  
  61  6:31  Factory Tech Lab x2  
  63  6:40  SCV x2  
  65  6:51  SCV  
  65  6:52  SCV x2  
  68  6:55  Refinery  
  68  6:56  SCV  
  69  7:02  Supply Depot x2  
  69  7:03  Supply Depot, SCV  
  70  7:11  SCV x3  
  70  7:13  Refinery  
  70  7:14  Terran Vehicle And Ship Armor Level 1, Terran Vehicle Weapons Level 1  
  70  7:15  Refinery  
  73  7:17  SCV  
  74  7:23  SCV x3  
  74  7:28  Medivac x2  
  81  7:32  Supply Depot  
  81  7:33  Supply Depot  
  81  7:35  Supply Depot  
  81  7:41  SCV x2  
  81  7:42  SCV x2  
  85  7:46  Thor x2  
  85  7:48  Thor  
  103  7:55  Thor  
  109  8:10  Supply Depot  
  109  8:11  Supply Depot x2  
  109  8:12  Supply Depot x2  
  109  8:28  Siege Tank  
  109  8:29  Siege Tank x2  
  109  8:31  Siege Tank  
  121  8:38  Siege Tank  
  124  8:50  SCV x3  
  124  8:51  SCV  
  128  8:57  Sensor Tower  
  128  8:58  Sensor Tower  
  128  9:00  Siege Tank  
  131  9:03  SCV  
  131  9:09  Siege Tank x2  
  138  9:15  SCV  
  139  9:27  SCV  
  140  9:34  Hellion x3  
  140  9:37  SCV x3  
  149  9:39  SCV, Terran Vehicle Weapons Level 2, Terran Vehicle And Ship Armor Level 2  
  149  9:41  Siege Tank  
  149  9:42  Hellion  
  149  9:44  Supply Depot  
  155  9:45  Supply Depot x2  
  155  9:51  SCV  
  156  9:54  Sensor Tower  
  156  9:55  Siege Tank  
  157  10:20  Hellion x4, Viking  
  157  10:21  Viking  
  169  10:28  Hellion  
  143  10:41  Siege Tank, Hellion x3  
  142  10:49  Hellion  
  144  10:53  Viking x2  
  144  10:56  Command Center  
  148  10:58  Command Center  
  148  11:03  Hellion x3  
  154  11:06  Barracks  
  154  11:10  Hellion  
  156  11:13  Hellion  
  158  11:23  Viking x2  
  158  11:24  Siege Tank, Hellion x2  
  169  11:31  Siege Tank  
  136  11:34  Siege Tank  
  116  11:45  Siege Tank x2  
  116  11:56  Siege Tank  
  119  12:04  Siege Tank  
  119  12:07  Siege Tank  
  101  12:17  Siege Tank x2  
  107  12:28  Siege Tank  
  110  12:36  Siege Tank  
  113  12:39  Siege Tank  
  116  12:50  Hellion x2  
  120  13:01  Hellion  
  116  13:08  Hellion  
  116  13:11  Siege Tank x2, Hellion  
  126  13:22  Hellion  
  111  13:29  Hellion  
  111  13:32  Hellion  
  85  13:43  Planetary Fortress, Hellion x3  
  91  13:51  Hellion  
  91  13:54  Hellion  
  95  13:58  Terran Vehicle Weapons Level 3, Terran Vehicle And Ship Armor Level 3  
  95  13:59  Refinery  
  95  14:03  Refinery  
  95  14:04  Hellion, Factory x3  
  95  14:05  Planetary Fortress, Hellion x2  
  101  14:12  Hellion  
  101  14:15  Hellion  
  105  14:20  SCV  
  106  14:26  Hellion x3  
  112  14:32  SCV  
  112  14:34  Hellion  
  112  14:37  Hellion  
  117  14:44  SCV  
  116  14:47  Hellion x3  
  122  14:55  Hellion  
  122  14:57  SCV  
  122  14:58  Hellion  
  123  15:06  Hellion x3  
  127  15:09  Hellion, SCV  
  127  15:10  Hellion x2  
  127  15:12  SCV x2  
  136  15:16  Hellion  
  136  15:19  Hellion  
  136  15:21  SCV  
  141  15:24  SCV  
  141  15:26  Viking x2  
  141  15:27  Hellion x2  
  150  15:38  Hellion x5  
  150  15:41  Hellion  
  162  15:49  Hellion x2  
  166  15:53  Supply Depot  
  166  15:59  Hellion x3  
  166  16:00  Hellion x2  
  176  16:09  Command Center  
  176  16:16  Refinery  
  176  16:18  Refinery  
  176  16:20  Viking x2  
  176  16:25  Starport  
  180  16:26  Starport  
  180  16:35  Terran Ship Weapons Level 1  
  180  16:51  Hellion  
  180  16:52  Hellion  
  184  16:58  Viking x2  
  166  17:15  Starport Reactor  
  166  17:17  Starport Reactor, Hellion x2  
  170  17:32  Refinery  
  170  17:35  Refinery  
  137  18:07  Hellion x2  
  137  18:10  Hellion x2  
  143  18:15  Hellion x4  
  145  18:29  Hellion x2  
  145  18:32  Hellion x2  
  149  18:36  Hellion x3  
  149  18:37  Hellion  
  149  18:50  Hellion  
  118  19:05  Hellion x3  
  118  19:06  Viking  
  118  19:07  Viking x5  
  121  19:37  Hellion x3  
  121  19:38  Hellion x5, Viking x2  
  105  19:56  Viking x3  
  105  19:59  Hellion x6  
  103  20:20  Hellion x4  
  83  20:30  Hellion x4  
  85  20:41  Hellion x3  
  85  20:42  Hellion  
  82  20:51  Hellion x4  
  90  21:02  Orbital Command  
  90  21:04  Planetary Fortress  
  90  21:14  Hellion x3  
  90  21:15  Hellion x3  
  102  21:20  Orbital Command  
  102  21:30  Hellion x2  
  106  21:35  Hellion x3  
Tags
 
Add a new tag
Caveats
  • Supply blocks, unpowered buildings, or Contaminate may cause inaccurate times.
  • Supply counts are checked every 10 seconds.